 Dungeon Crawl Stone Soup version 0.31-a0-705-ga145531891 (webtiles) character file.

Game seed: 8837904240300041669

76 BlueFish the Grasshopper (level 4, 0/30 HPs)
             Began as an Octopode Warper on Sept 10, 2023.
             Slain by Crazy Yiuf
             ... wielding a +3 quarterstaff of chaos
              (17 damage)
             ... on level 2 of the Dungeon.
             The game lasted 00:02:58 (1787 turns).

BlueFish the Grasshopper (Octopode Warper)          Turns: 1787, Time: 00:02:58

Health: 0/30       AC:  1    Str: 12    XL:     4   Next: 32%
Magic:  7/7        EV: 14    Int: 15    God:
Gold:   144        SH:  0    Dex: 17    Spells: 7/7 levels left

rFire   . .          .
                       - Unarmed
rCold   . . .        (no shield)
rNeg    . . .        (helmet restricted)
rPois   .            (no amulet)
rElec   .            g - +6 ring of dexterity
rCorr   .            (no ring)
SInv    .            (no ring)
Will    .....        (no ring)
Stlth   +++          (no ring)
HPRegen 0.25/turn    (no ring)
MPRegen 0.10/turn    (no ring)
                     (no ring)

%: no passive effects
@: no status effects
A: almost no armour, amphibious, 8 rings, camouflage 1, gelatinous body 1,
(nimble swimmer 1), tentacles
a: no special abilities


You were on level 2 of the Dungeon.
You visited 1 branch of the dungeon, and saw 2 of its levels.

You collected 144 gold pieces.

Inventory:

Missiles
 b - 7 darts of dispersal (quivered)
Jewellery
 g - a +6 ring of dexterity (left tentacle)
Scrolls
 a - 2 scrolls of blinking
 c - a scroll of torment
Potions
 e - 2 potions of curing
 f - a potion of heal wounds
 h - a potion of lignification
 j - a potion of mutation {unknown}
 k - a potion of might {unknown}


   Skills:
 + Level 2.4 Fighting
 + Level 1.6 Throwing
 + Level 2.7 Dodging
 * Level 2.7 Stealth
 + Level 2.4 Unarmed Combat
 + Level 2.2 Spellcasting
 + Level 3.2 Translocations


You had 7 spell levels left.
You didn't know any spells.
Your spell library contained the following spells:

 Spells                   Type           Power      Damage    Failure   Level
 Blink                    Tloc           22%        N/A       9%          2
 Lesser Beckoning         Tloc           22%        N/A       9%          2
 Teleport Other           Tloc           11%        N/A       17%         3
 Manifold Assault         Tloc           11%        N/A       50%         4
 Vhi's Electric Charge    Tloc/Air       12%        N/A       73%         4


Dungeon Overview and Level Annotations

Branches:
Dungeon (2/15)

Altars:
Nemelex Xobeh

Annotations:
D:2 Crazy Yiuf


Innate Abilities, Weirdness & Mutations

You cannot wear most types of armour.
You are amphibious.
You can wear up to eight rings at the same time.
Your skin changes colour to match your surroundings (Stealth+).
Your rubbery body absorbs attacks. (AC +1, EV +1)
((You are camouflaged when in or above water. (Stealth+)))
You have tentacles for arms and can constrict up to eight enemies at once.


Message History

A quokka is nearby!
The helpless quokka fails to defend itself.
You tentacle-slap the quokka. You grab the quokka.
The quokka is lightly wounded.
You constrict the quokka. The quokka closely misses you.
You tentacle-slap the quokka.
You kill the quokka!
Crazy Yiuf shouts!
You aren't carrying any items that you can evoke.
As you read the scroll labelled GACRAPNALE, it crumbles to dust.
Magic quickly surges around you.
It was a scroll of vulnerability.
Crazy Yiuf twirls on the spot.
As you read the scroll labelled GOKIRENIHE, it crumbles to dust.
It is a scroll of identify.
e - 2 potions of curing
As you read the scroll of identify, it crumbles to dust.
f - a potion of heal wounds
As you read the scroll of identify, it crumbles to dust.
h - a potion of lignification
Okay, then.
Okay, then.
You start waiting.
Crazy Yiuf sings, "Trees, trees, trees, circus!"
Crazy Yiuf grits, "Announcement aubergine down!"
Crazy Yiuf laughs, "Goober bush ena!"
Crazy Yiuf screams, "Earwax down tea!"
Crazy Yiuf screams, "Millenium hog sing!"
Crazy Yiuf screams, "Fire alas illywillydillykilly!"
Crazy Yiuf whimpers, "Cod leg senile!"
Crazy Yiuf screams, "East mobile ragdoll!"
You feel your willpower return.
You open the door.
Crazy Yiuf whimpers, "Pitchfork arm fast!"
You tentacle-slap Crazy Yiuf but do no damage.
You grab Crazy Yiuf.
You constrict Crazy Yiuf, but do no damage.
Crazy Yiuf hits you with a +3 quarterstaff of chaos!
You are electrocuted!
Ouch! That really hurt!
You die...

.....#.# #.########## #.#
.###.#.#######..........# #.# .#
#.#......##..........# #.#
.###.#.################## #.#
.....#.## #######.## ...###..#
#...<..... ##.# #.###♣♣ **###
#..####.## #.###.....♣♣ ♣♣#..)#
##.##...## #..........♣♣♣♣@g...#
#..##.#.## ###..#......♣..♣#...#
##.##...## #..##....♣.♣♣♣**###
#........ #..####♣♣♣♣♣ #.##.#.##
#..### #....#.##
####....#################.##.....
...##.....................##.....
....######.#...##......##.##..###
....# #.#...##...#..##.##..##


You could see Crazy Yiuf.

Vanquished Creatures
  Jessica (D:2)
  An adder (D:2)
  A worm (D:2)
  3 ball pythons
  3 bats
  6 endoplasms
  A giant cockroach (D:1)
  3 goblins (D:1)
  5 hobgoblins
  3 kobolds
  4 quokkas
  A frilled lizard (D:1)
  A rat (D:2)
33 creatures vanquished.

Notes
Turn   | Place    | Note
-------+----------+-------------------------------------------
     0 | D:1      | BlueFish the Octopode Warper began the quest for the Orb.
     0 | D:1      | Reached XP level 1. HP: 14/14 MP: 3/3
     7 | D:1      | Noticed an elephant
    14 | D:1      | Noticed a black mamba
   195 | D:1      | Reached XP level 2. HP: 19/19 MP: 5/5
   205 | D:1      | Reached skill level 1 in Stealth
   487 | D:1      | Reached XP level 3. HP: 21/24 MP: 6/6
  1310 | D:2      | Noticed Jessica
  1327 | D:2      | Killed Jessica
  1328 | D:2      | Reached XP level 4. HP: 30/30 MP: 7/7
  1442 | D:2      | Found a sparkling altar of Nemelex Xobeh.
  1498 | D:2      | Found a runed translucent door.
  1499 | D:2      | Noticed Crazy Yiuf
  1787 | D:2      | Slain by Crazy Yiuf

Illustrated notes

Levels and vault maps discovered:
D:1:      sevenhm_arrival_forest_fort_small_2, layout_loops_ring
D:2:      layout_basic, basic_altar, uniq_jessica, uniq_crazy_yiuf_cottage

Skill      XL: |  1  2  3 |
---------------+----------+-----
Stealth        | 1 2 |  2.7
Fighting       | |  2.4
Throwing       | |  1.6
Dodging        | |  2.7
Unarmed Combat | |  2.4
Spellcasting   | |  2.2
Translocations | |  3.2

Action                     |  1- 3 |  4- 6 || total
---------------------------+-------+-------++-------
  Melee: Unarmed           |    66 |     9 ||    75
         Constrict         |    18 |     4 ||    22
         Tentacles         |    15 |     2 ||    17
         Punch             |     4 |       ||     4
    Use: Scroll            |     3 |     4 ||     7
   Stab: Sleeping          |     9 |     2 ||    11
         Distracted        |     1 |       ||     1
 Armour: Skin              |    15 |     3 ||    18
  Dodge: Dodged            |    27 |     5 ||    32

Table legend: (Time is in decaauts)
 A = Elapsed time spent in this place.
 B = Non-inter-level travel time spent in this place.
 C = Inter-level travel time spent in this place.
 D = Time resting spent in this place.
 E = Time spent auto-exploring this place.
 F = Levels seen in this place.
 G = Mean time per level.
                   A        B        C        D        E       F      G
               +--------+--------+--------+--------+--------+-----+--------+
         Total |   1783 |   1756 |     27 |     73 |   1245 |   2 |  891.5 |
       Dungeon |   1783 |   1756 |     27 |     73 |   1245 |   2 |  891.5 |
               +--------+--------+--------+--------+--------+-----+--------+

Top non-repeatable levels by time:
     D:2: 947 daAuts
     D:1: 835 daAuts
